 Dungeon Crawl Stone Soup version 0.29-a0-824-gd827844252 (webtiles) character file.

Game seed: 414178023034374427

218293 Malachi the Nimble (level 19, -1/183 HPs)
             Began as an Octopode Transmuter on July 9, 2022.
             Was a High Priest of Ashenzari.
             Slain by a starcursed mass (3 damage)
             ... while paralysed by accursed screaming
             ... on level 3 of the Abyss.
             The game lasted 01:39:48 (40656 turns).

Malachi the Nimble (Octopode Transmuter)           Turns: 40656, Time: 01:39:48

Health: -1/183     AC: 35    Str:  4    XL:     19   Next: 11%
Magic:  30/36      EV:  2    Int: 12    God:    Ashenzari [*****.]
Gold:   2245       SH:  0    Dex: 33    Spells: 15/45 levels left

rFire   + + .      SeeInvis +   d - +9 dagger "Cursed Together" {elec, Evo, Comp} (curse)
rCold   + + .      Faith    .   i - +3 buckler of Ashenzari's Pleiades {Alch, Range} (curse)
rNeg    + + +      Spirit   .   t - -2 hat of the Alchemist {rElec rPois rF+ rC+ rN+ Will+ rMut rCorr, Evo, Alch} (curse)
rPois   ∞          Reflect  .   h - necklace of Bloodlust {*Rage Will++ Int-3 Slay+6, Fort, Melee} (curse)
rElec   +          Harm     .   p - ring of the Fated Incredulity {Wiz, Bglg, Elem} (curse)
rCorr   +          Rampage  .   C - ring of the Mantic Comet {Fly, Alch, Elem} (curse)
rMut    +          Clarity  +   G - ring "Restrained With Me" {Dex+6, Cun, Melee} (curse)
Will    ++++.                   H - ring "Pragmatism of Ashenzari" {AC+4, Cun, Self} (curse)
Stlth   ++++++++..              k - ring of Apeoromancy {EV+4, Self, Melee} (curse)
HPRegen 0.40/turn               w - ring of the Unyielding Gaze {rF+ rC+ rN+ Str-5, Comp, Melee} (curse)
MPRegen 0.25/turn               y - ring of the Tortoise {AC+8, Elem, Alch} (curse)
                                D - +6 ring of dexterity

@: paralysed, about to teleport, statue-form, flying, studying Throwing
A: slow and powerful, torment resistance 1, boosted hp, almost no armour,
amphibious, 8 rings, camouflage 1, (gelatinous body 1), (nimble swimmer 1),
tentacles
}: 1/15 runes: serpentine
a: End Transformation, Renounce Religion, Curse Item, Shatter the Chains


You were on level 3 of the Abyss.
You worshipped Ashenzari.
Ashenzari was extremely pleased with you.
You were a living statue of rough stone.
You visited 6 branches of the dungeon, and saw 31 of its levels.
You visited the Abyss 1 time.
You also visited: Sewer, Ossuary and Gauntlet.

You collected 5400 gold pieces.
You spent 3155 gold pieces at shops.

Inventory:

Hand Weapons
 d - the cursed +9 dagger "Cursed Together" (weapon) {elec, Evo, Comp}
   (You took it off a kobold on level 1 of the Dungeon)

   It occasionally discharges a powerful burst of electricity upon striking a
   foe.
   It has a curse which improves the following skills: Evocations: Evocations.
   Companions: Summonings and Necromancy.
 P - a +4 arbalest of flaming
Missiles
 e - 7 curare-tipped darts
Armour
 i - the cursed +3 buckler of Ashenzari's Pleiades (worn) {Alch, Range}
   (You took it off a tengu conjurer on level 14 of the Dungeon)

   It has a curse which improves the following skills: Alchemy: Poison Magic and
   Transmutations.
   Ranged Combat: Ranged Weapons and Throwing.
 t - the cursed -2 hat of the Alchemist (worn) {rElec rPois rF+ rC+ rN+ Will+ rMut rCorr, Evo, Alch}
   (You acquired it on level 3 of the Snake Pit)

   rF:        It protects you from fire.
   rC:        It protects you from cold.
   rElec:     It insulates you from electricity.
   rPois:     It protects you from poison.
   rN:        It protects you from negative energy.
   rCorr:     It protects you from acid and corrosion.
   rMut:      It protects you from mutation.
   Will:      It increases your willpower.
   It has a curse which improves the following skills: Evocations: Evocations.
   Alchemy:   Poison Magic and Transmutations.
 x - a +0 kite shield of reflection
Jewellery
 h - the cursed necklace of Bloodlust (around mantle) {*Rage Will++ Int-3 Slay+6, Fort, Melee}
   (You found it on level 2 of the Dungeon)

   [amulet of nothing]

   It extends the wearer's berserk rage when killing foes.
   Int:       It affects your intelligence (-3).
   Slay:      It affects your accuracy & damage with ranged weapons and melee
   (+6).
   *Rage:     It berserks you when you make melee attacks (+50% chance).
   Will:      It greatly increases your willpower.
   It has a curse which improves the following skills: Fortitude: Shields.
   Melee Combat: Short Blades, Long Blades, Axes, Maces & Flails, Polearms,
   Staves and Unarmed Combat.
 k - the cursed ring of Apeoromancy (on tentacle) {EV+4, Self, Melee}
   (You bought it in a shop on level 2 of the Orcish Mines)

   [ring of evasion]

   EV:        It affects your evasion (+4).
   It has a curse which improves the following skills: Introspection: Fighting
   and Spellcasting.
   Melee Combat: Short Blades, Long Blades, Axes, Maces & Flails, Polearms,
   Staves and Unarmed Combat.
 p - the cursed ring of the Fated Incredulity (left tentacle) {Wiz, Bglg, Elem}
   (You found it on level 3 of the Dungeon)

   [ring of wizardry]

   It improves your spell success rate.
   It has a curse which improves the following skills: Beguiling: Conjurations,
   Hexes and Translocations.
   Elements:  Fire Magic, Ice Magic, Air Magic and Earth Magic.
 w - the cursed ring of the Unyielding Gaze (on tentacle) {rF+ rC+ rN+ Str-5, Comp, Melee}
   (You found it in a Gauntlet)

   [ring of positive energy]

   Str:       It affects your strength (-5).
   rF:        It protects you from fire.
   rC:        It protects you from cold.
   rN:        It protects you from negative energy.
   It has a curse which improves the following skills: Companions: Summonings
   and Necromancy.
   Melee Combat: Short Blades, Long Blades, Axes, Maces & Flails, Polearms,
   Staves and Unarmed Combat.
 y - the cursed ring of the Tortoise (on tentacle) {AC+8, Elem, Alch}
   (You found it on level 2 of the Snake Pit)

   [ring of protection]

   AC:        It affects your AC (+8).
   It has a curse which improves the following skills: Elements: Fire Magic, Ice
   Magic, Air Magic and Earth Magic.
   Alchemy:   Poison Magic and Transmutations.
 C - the cursed ring of the Mantic Comet (right tentacle) {Fly, Alch, Elem}
   (You found it on level 5 of the Dungeon)

   [ring of flight]

   Fly:       It grants you flight.
   It has a curse which improves the following skills: Alchemy: Poison Magic and
   Transmutations.
   Elements:  Fire Magic, Ice Magic, Air Magic and Earth Magic.
 D - a +6 ring of dexterity (on tentacle)
 G - the cursed ring "Restrained With Me" (on tentacle) {Dex+6, Cun, Melee}
   (You found it on level 6 of the Dungeon)

   [ring of dexterity]

   Dex:       It affects your dexterity (+6).
   It has a curse which improves the following skills: Cunning: Dodging and
   Stealth.
   Melee Combat: Short Blades, Long Blades, Axes, Maces & Flails, Polearms,
   Staves and Unarmed Combat.
 H - the cursed ring "Pragmatism of Ashenzari" (on tentacle) {AC+4, Cun, Self}
   (You found it on level 6 of the Dungeon)

   [ring of protection]

   AC:        It affects your AC (+4).
   It has a curse which improves the following skills: Cunning: Dodging and
   Stealth.
   Introspection: Fighting and Spellcasting.
Wands
 q - a wand of paralysis (27)
 z - a wand of flame (84)
 F - a wand of light (30)
 I - a wand of mindburst (19)
 Y - a wand of digging (3)
Scrolls
 b - 2 scrolls of fog
 c - 2 scrolls of silence
 f - 4 scrolls of magic mapping
 v - 7 scrolls of teleportation
 A - 6 scrolls of poison
 E - 3 scrolls of summoning
 K - 2 scrolls of brand weapon
 L - 4 scrolls of amnesia
 Q - 4 scrolls of fear
 U - 4 scrolls of enchant weapon
 Z - 4 scrolls of blinking
Potions
 a - 4 potions of lignification
 g - 18 potions of curing
 l - 2 potions of ambrosia
 m - 3 potions of heal wounds
 n - 8 potions of brilliance
 o - 2 potions of resistance
 r - 2 potions of invisibility
 s - 2 potions of magic
 u - 3 potions of cancellation
 B - 3 potions of might
 J - 5 potions of haste
 R - 4 potions of attraction
 S - 5 potions of mutation
 W - 2 potions of berserk rage
Miscellaneous
 M - a phial of floods
 N - a condenser vane
 O - a box of beasts
 T - a phantom mirror
 V - a tin of tremorstones (2/2)
 X - a lightning rod (4/4)


   Skills:
 - Level 12.6(16.0) Fighting
 - Level 9.6(15.1) Short Blades
 - Level 0.3(6.3) Long Blades
 - Level 0.5(2.6) Axes
 - Level 0.3(2.0) Maces & Flails
 - Level 0.5(2.7) Polearms
 - Level 0.3(2.0) Staves
 - Level 0.3(1.1) Ranged Weapons
 - Level 0.3(1.1) Throwing
 - Level 14.6(18.0) Dodging
 + Level 10.7(14.1) Stealth
 - Level 7.9(10.3) Shields
 - Level 10.5(16.0) Unarmed Combat
 + Level 10.2(13.6) Spellcasting
 - Level 0.5(1.5) Conjurations
 - Level 0.6(1.7) Hexes
 - Level 0.4(1.6) Summonings
 - Level 0.9(2.7) Necromancy
 - Level 0.3(1.1) Translocations
 - Level 14.0(19.4) Transmutations
 - Level 0.3(1.6) Fire Magic
 - Level 13.5(18.0) Ice Magic
 - Level 0.3(1.6) Air Magic
 - Level 8.1(12.6) Earth Magic
 - Level 0.8(3.3) Poison Magic
 - Level 0.8 Invocations
 + Level 10.0(13.4) Evocations


You had 15 spell levels left.
You knew the following spells:

 Your Spells              Type           Power      Damage    Failure   Level
a - Passwall              Tmut/Erth      38%        N/A       0%          2
b - Ozocubu's Armour      Ice            51%        N/A       0%          3
c - Ozocubu's Refrigerat  Ice            25%        4d10      1%          7
d - Statue Form           Tmut/Erth      30%        N/A       1%          6
e - Dragon Form           Tmut           26%        N/A       1%          7
f - Irradiate             Conj/Tmut      16%        3d18      1%          5

Your spell library contained the following spells:

 Spells                   Type           Power      Damage    Failure   Level
 Beastly Appendage        Tmut           100%       N/A       0%          1
 Wereblood                Tmut           53%        N/A       0%          2
 Ensorcelled Hibernation  Hex/Ice        62%        N/A       1%          2
 Sublimation of Blood     Necr           14%        N/A       1%          2
 Ignite Poison            Fire/Tmut/Pois 27%        N/A       1%          3
 Spider Form              Tmut/Pois      35%        N/A       1%          3
 Ice Form                 Ice/Tmut       52%        N/A       1%          4
 Petrify                  Tmut/Erth      46%        N/A       1%          4
 Alistair's Intoxication  Tmut/Pois      23%        N/A       1%          5
 Blade Hands              Tmut           26%        N/A       1%          5
 Metabolic Englaciation   Hex/Ice        15%        N/A       1%          5
 Apportation              Tloc           20%        N/A       2%          1
 Mephitic Cloud           Conj/Pois/Air  13%        N/A       4%          3
 Inner Flame              Hex/Fire       12%        N/A       6%          3
 Swiftness                Air            12%        N/A       6%          3
 Freezing Cloud           Conj/Ice/Air   12%        6-21      6%          5
 Gell's Gravitas          Tloc           10%        N/A       8%          3
 Teleport Other           Tloc           10%        N/A       8%          3
 Dispel Undead            Necr           14%        3d10      12%         4
 Corpse Rot               Necr/Pois/Air  14%        N/A       13%         4
 Cause Fear               Hex            6%         N/A       19%         4
 Summon Lightning Spire   Summ/Air       12%        N/A       19%         4
 Airstrike                Air            6%         0-3+      21%         4
 Lightning Bolt           Conj/Air       6%         1d18      45%         5
 Death Channel            Necr           7%         N/A       86%         6
 Dispersal                Tloc           5%         N/A       97%         6
 Malign Gateway           Summ/Tloc      5%         N/A       100%        7
 Summon Hydra             Summ           6%         N/A       100%        7
 Discord                  Hex            6%         N/A       100%        8
 Summon Horrible Things   Summ           6%         N/A       100%        8


Dungeon Overview and Level Annotations

Branches:
Dungeon (15/15)            Temple (1/1) D:4            Lair (6/6) D:11
 Shoals (0/4) Lair:2        Snake (4/4) Lair:3        Slime (0/5) Lair:6
    Orc (2/2) D:11            Elf (3/3) Orc:2        Vaults (0/5) D:13
 Depths (0/4) D:15          Sewer (visited)         Ossuary (visited)
Gauntlet (visited)

Altars:
Ashenzari
Cheibriados
Dithmenos
Elyvilon
Fedhas
Gozag
Hepliaklqana
Kikubaaqudgha
Makhleb
Nemelex Xobeh
Okawaru
Qazlal
Ru
Sif Muna
Trog
Uskayaw
Vehumet
Wu Jian
Xom
Yredelemnul
Zin
The Shining One

Shops:
D:5 (   D:9 [   D:11 [(   D:13 *(   D:14 [   Orc:2 =(:[!   Elf:1 [!*[
Snake:3 ::==?**

Portals:
Trove: D:13 (show slimy rune of Zot)

Annotations:
D:12 3 runed translucent doors, exclusion: 3 doors, Demugom's ghost, journeyman DDFi


Innate Abilities, Weirdness & Mutations

You are a living statue of rough stone.
Your actions are slow, but your melee attacks are powerful.
You are resistant to unholy torment.
Your maximum health is greatly increased.
You are immune to poison.
You cannot wear most types of armour.
You are amphibious.
You can wear up to eight rings at the same time.
Your skin changes colour to match your surroundings (Stealth+).
((Your rubbery body absorbs attacks. (AC +1, EV +1)))
((You are camouflaged when in or above water. (Stealth+)))
You have tentacles for arms and can constrict up to eight enemies at once.


Message History

You feel strangely unstable.
You feel the power of the Abyss delaying your translocation!
The starcursed mass closely misses you.
The starcursed mass attacks as you move away!
You block the starcursed mass's attack.
The starcursed mass attacks as you move away!
The starcursed mass completely misses you.
The starcursed mass attacks as you move away!
You block the starcursed mass's attack.
A starcursed mass splits.
There is an empty arch of ancient stone here.
A starcursed mass splits.
A deafening chorus of shrieks assaults your mind!
* * * LOW HITPOINT WARNING * * *
The starcursed mass attacks as you move away!
The starcursed mass completely misses you.
The starcursed mass attacks as you move away!
You block the starcursed mass's attack.
A starcursed mass splits.
The starcursed mass attacks as you move away!
The starcursed mass completely misses you.
The starcursed mass attacks as you move away!
You block the starcursed mass's attack.
A starcursed mass splits.
You block the starcursed mass's attack.
You feel much better.
A deafening chorus of shrieks assaults your mind!
* * * LOW HITPOINT WARNING * * *
You suddenly lose the ability to move!
The starcursed mass touches you!
* * * LOW HITPOINT WARNING * * *
You can move again.
Casting: Statue Form (mildly dangerous; 1% risk of failure)
Confirm with . or Enter, or press ? or * to list all spells.
You turn into a living statue of rough stone.
The raiju barks!
The starcursed mass completely misses you. x2
A deafening chorus of shrieks assaults your mind!
* * * LOW HITPOINT WARNING * * *
You block the starcursed mass's attack.
A deafening chorus of shrieks assaults your mind!
* * * LOW HITPOINT WARNING * * *
You suddenly lose the ability to move!
The starcursed mass touches you.
You die...

,* * , ,*
#......... * ,
,* , , , *
*#......... *,
,,+ * *,
#.........* , *
* ,,, ,*, *
##....X....* * ,
, , ,,*
*..#.h..XX...
,,, 8,* *,, ,
,**
,#.#..X...... ,,
,** , , ,
..#..X...... ,
,,, , *, * *
,*###XX.......*
*,* * * ,, * * *
###.8.......* *
,,, , , , ,,,*
.########+##*,**
*, , , * *,*
,,..#.#..#* * ,
,* ,** , ,
...##### * ,* *
* *, * *, {
,**,* * , * , **
**, * , ,* ,, ,
* * * ** { , *
*, , * *,,, * *
*,, * , *, , , *
* ,* ** *+* *


You could see 7 starcursed masses and a raiju.

Vanquished Creatures
  Vashnia (Snake:2)
  Mlioglotl (Snake:4)
  Agnes (Snake:4)
  The ghost of Temaumar the Severer, an adept GrBe of Trog (Snake:1)
  Donald (Snake:4)
  3 nagarajas (Snake:4)
  A daeva (Abyss:3)
  Aizul (Snake:4)
  A stone giant (D:15)
  A quicksilver ooze (Gauntlet)
  A deep elf demonologist (Elf:1)
  A minotaur (Gauntlet)
  A deep elf death mage (Elf:2)
  An ettin (D:12)
  Josephine (D:12)
  A fire dragon (D:15)
  6 boulder beetles
  2 deep elf high priests
  10 hydras
  4 centaur warriors
  A salamander tyrant (Snake:4)
  Erica (D:8)
  4 catoblepae
  3 two-headed ogres
  10 anacondas
  29 dancing weapons
  12 death yaks (Lair:6)
  19 naga warriors
  2 tengu warriors (D:15)
  Urug (Lair:1)
  9 deep elf knights
  24 naga sharpshooters
  Sonja (Orc:2)
  A shock serpent (shapeshifter) (Elf:3)
  6 shock serpents
  Nergalle (D:11)
  4 salamander mystics (Snake:4)
  A goliath frog (shapeshifter) (D:8)
  4 skeletal warriors
  7 naga ritualists
  9 deep elf archers
  6 orc knights
  Pikel (D:6)
  21 deep elf pyromancers
  An oklob plant (Lair:6)
  An orc sorcerer (Orc:2)
  8 mana vipers
  14 deep elf zephyrmancers
  3 ugly things
  A harpy (shapeshifter) (D:13)
  11 salamanders
  6 cyclopes
  12 elephants
  A salamander (shapeshifter) (D:13)
  2 manticores
  2 moths of wrath (Snake:1)
  A guardian serpent (Snake:3)
  A black mamba (shapeshifter) (D:15)
  2 torpor snails
  32 black mambas
  19 naga magi
  3 gargoyles
  15 cane toads
  5 rime drakes
  Psyche (D:8)
  2 freezing wraiths
  2 kobold demonologists
  2 tengu conjurers (D:14)
  7 komodo dragons
  An anaconda simulacrum (Abyss:3)
  5 polar bears
  The ghost of flt the Changer, an amateur DgTm (D:5)
  3 trolls
  Prince Ribbit (D:7)
  A raiju (Abyss:3)
  8 blink frogs
  6 dream sheep (Lair:4)
  13 slime creatures
  A snapping turtle (Lair:2)
  A meliai zombie (D:13)
  Sigmund (D:6)
  3 centaur simulacra
  8 water elementals
  2 shadows
  A vampire (D:12)
  73 yaks
  An air elemental (Elf:2)
  A wyvern (Lair:1)
  4 steam dragons
  9 wraiths
  A fire elemental (Elf:2)
  12 humans (D:13)
  Eustachio (D:4)
  A basilisk (Lair:4)
  Grum (D:8)
  3 vampire mosquitoes
  Edmund (D:6)
  12 wargs
  A large abomination (Abyss:3)
  A harpy simulacrum (Gauntlet)
  A small abomination (Abyss:3)
  51 nagas
  2 acid dragons
  18 water moccasins
  Duvessa (D:4)
  35 orc warriors
  2 starcursed masses (Abyss:3)
  12 centaurs
  31 wolves
  8 ogres
  A lemure (D:6)
  A phantom (D:5)
  10 kobold brigands
  2 gnoll sergeants
  15 bullfrogs
  4 scorpions
  12 wights
  Dowan (D:4)
  14 killer bees
  16 electric eels
  6 howler monkeys
  A crimson imp (Abyss:3)
  7 centaur zombies
  A lava snake (D:9)
  6 hounds
  11 orc priests
  Ijyb (D:3)
  22 orc wizards
  A boggart zombie (D:13)
  2 boggart simulacra (Gauntlet)
  5 mummies (Ossuary)
  13 gnolls
  10 adders
  2 river rats (Sewer)
  2 shadow imps
  4 white imps
  An ufetubus (D:5)
  5 worms
  3 dart slugs
  82 orcs
  8 ball pythons
  5 bats
  11 endoplasms
  4 giant cockroaches (D:1)
  10 goblins
  4 hobgoblins
  7 jackals (D:1)
  5 quokkas
  2 frilled lizards
  4 hobgoblin zombies (Ossuary)
  18 kobolds
  9 rats
  A spectral goblin (D:2)
  A butterfly (Lair:1)
1060 creatures vanquished.

Vanquished Creatures (collateral kills)
  A boulder beetle (Lair:6)
  An orc knight (Orc:2)
  A yak (Lair:2)
3 creatures vanquished.

Vanquished Creatures (others)
  Jorgrun (Snake:3)
  A dancing weapon (Elf:2)
  A deep elf knight (Elf:3)
  A naga (Snake:1)
  An orc (D:8)
  8 bushes (D:11)
  26 demonic plants (Gauntlet)
  18 fungi
  92 plants
  2 withered plants (D:13)
151 creatures vanquished.

Grand Total: 1214 creatures vanquished

Notes
Turn   | Place    | Note
-------+----------+-------------------------------------------
     0 | D:1      | Malachi the Octopode Transmuter began the quest for the
                  | Orb.
     0 | D:1      | Reached XP level 1. HP: 13/13 MP: 3/3
   222 | D:1      | Reached XP level 2. HP: 18/18 MP: 3/5
   419 | D:1      | Reached skill level 1 in Short Blades
   474 | D:1      | Reached XP level 3. HP: 23/23 MP: 6/6
   900 | D:2      | Found the necklace of Bloodlust {*Rage Will++ Int-3 Slay+6}
   967 | D:2      | Reached XP level 4. HP: 28/28 MP: 7/7
  1179 | D:2      | Identified the ring "Ziyq" {rElec rC+ rCorr Dex-5 Stlth-}
  1417 | D:2      | Found a faded altar of an unknown god.
  1840 | D:3      | Noticed a scorpion
  1843 | D:3      | Killed a scorpion
  1844 | D:3      | Reached XP level 5. HP: 34/34 MP: 8/8
  2093 | D:3      | Noticed Ijyb
  2103 | D:3      | Killed Ijyb
  2317 | D:3      | Found a glowing drain.
  2321 | Sewer    | Entered a sewer
  2396 | Sewer    | Reached XP level 6. HP: 39/39 MP: 9/9
  2719 | Sewer    | Reached skill level 5 in Short Blades
  3293 | Sewer    | Reached XP level 7. HP: 45/45 MP: 10/10
  3769 | D:4      | Noticed Duvessa
  3769 | D:4      | Noticed Dowan
  3777 | D:4      | Killed Duvessa
  3780 | D:4      | Killed Dowan
  3904 | D:4      | Noticed Eustachio
  3919 | D:4      | Killed Eustachio
  3920 | D:4      | Reached XP level 8. HP: 22/52 MP: 11/11
  4102 | D:4      | Found a staircase to the Ecumenical Temple.
  4122 | Temple   | Entered the Ecumenical Temple
  4139 | Temple   | Became a worshipper of Ashenzari the Shackled
  4164 | D:4      | Found a snail-covered altar of Cheibriados.
  4875 | D:5      | Entered Level 5 of the Dungeon
  5068 | D:5      | Found Efeut's Weapon Shop.
  5251 | D:5      | Found a white marble altar of Elyvilon.
  5440 | D:5      | Found a hazy altar of Hepliaklqana.
  5446 | D:5      | Reached * piety under Ashenzari
  5581 | D:5      | Found a runed translucent gate.
  5581 | D:5      | Found a runed translucent gate.
  5583 | D:5      | Noticed flt's ghost (amateur DgTm)
  5585 | D:5      | Found a runed translucent gate.
  5595 | D:5      | Killed flt's ghost
  5596 | D:5      | Reached skill level 5 in Fighting
  5596 | D:5      | Reached XP level 9. HP: 54/61 MP: 12/12
  5950 | D:6      | Reached skill level 1 in Stealth
  5986 | D:6      | Found a sand-covered staircase.
  5992 | Ossuary  | Entered an ossuary
  6199 | D:6      | Found a radiant altar of Vehumet.
  6200 | D:6      | Noticed Sigmund
  6201 | D:6      | Noticed Pikel
  6207 | D:6      | Killed Pikel
  6208 | D:6      | Reached skill level 5 in Stealth
  6213 | D:6      | Killed Sigmund
  6902 | D:6      | Noticed Edmund
  6906 | D:6      | Killed Edmund
  6907 | D:6      | Reached skill level 5 in Dodging
  6909 | D:6      | Reached XP level 10. HP: 71/71 MP: 13/13
  7263 | D:7      | Reached ** piety under Ashenzari
  7278 | D:7      | Noticed Prince Ribbit
  7283 | D:7      | Killed Prince Ribbit
  8656 | D:8      | Noticed a five-headed hydra
  8665 | D:8      | Killed a five-headed hydra
  8698 | D:8      | Reached skill level 10 in Stealth
  9052 | D:8      | Noticed a kobold demonologist
  9058 | D:8      | Killed a kobold demonologist
  9074 | D:8      | Noticed a centaur warrior
  9082 | D:8      | Killed a centaur warrior
  9206 | D:8      | Noticed a gargoyle
  9491 | D:8      | Killed a gargoyle
  9492 | D:8      | Reached XP level 11. HP: 81/81 MP: 15/15
  9551 | D:8      | Noticed Psyche
  9563 | D:8      | Noticed Erica
  9577 | D:8      | Killed Psyche
  9781 | D:8      | Killed Erica
  9799 | D:8      | Found a basalt altar of Yredelemnul.
  9800 | D:8      | Found a burning altar of Makhleb.
  9800 | D:8      | Found a blossoming altar of Fedhas.
  9800 | D:8      | Found a shadowy altar of Dithmenos.
  9811 | D:8      | Noticed a deep elf pyromancer
  9820 | D:8      | Killed a deep elf pyromancer
 10022 | D:8      | Noticed a goliath frog
 10037 | D:8      | Killed a goliath frog
 10366 | D:8      | Noticed Grum
 10377 | D:8      | Killed Grum
 10503 | D:8      | Reached *** piety under Ashenzari
 11163 | D:9      | Reached skill level 1 in Evocations
 11264 | D:9      | Reached skill level 10 in Fighting
 11484 | D:9      | Found a blossoming altar of Fedhas.
 11484 | D:9      | Found a glowing silver altar of Zin.
 11734 | D:9      | Found Fuphol's Armour Shop.
 12376 | D:9      | Found a shimmering blue altar of Sif Muna.
 12382 | D:9      | Identified Sif Muna's Anthology of Moulding
 12417 | D:10     | Entered Level 10 of the Dungeon
 12825 | D:10     | Noticed a two-headed ogre
 12833 | D:10     | Killed a two-headed ogre
 13701 | D:11     | Noticed Nergalle
 13718 | D:11     | Reached XP level 12. HP: 56/88 MP: 16/16
 13724 | D:11     | Killed Nergalle
 13725 | D:11     | Reached skill level 10 in Dodging
 13795 | D:11     | Noticed a four-headed hydra
 14214 | D:11     | Found Afinigue's Weapon Boutique.
 14214 | D:11     | Found a staircase to the Orcish Mines.
 14222 | D:11     | Found Ynwyrir's Armour Boutique.
 14248 | D:11     | Bought a +0 buckler for 49 gold pieces
 14278 | D:11     | Identified the +1 leather armour of Laosif {rC+ rN++ Dex+2}
 14349 | D:11     | Killed a four-headed hydra
 14350 | D:11     | Reached skill level 5 in Evocations
 14418 | D:11     | Found a staircase to the Lair.
 14666 | D:11     | Found a blossoming altar of Fedhas.
 14877 | Lair:1   | Entered Level 1 of the Lair of Beasts
 14878 | Lair:1   | Noticed Urug
 15402 | Lair:1   | Killed Urug
 15701 | Lair:1   | Reached skill level 1 in Shields
 16566 | Lair:1   | Reached **** piety under Ashenzari
 16644 | Lair:1   | Reached XP level 13. HP: 96/98 MP: 18/18
 16817 | Lair:1   | Identified the +5 flail "Foah" {spect, Fly rC+ Str+3 Dex+2}
 17762 | Lair:2   | Found a staircase to the Shoals.
 18628 | Lair:3   | Found a staircase to the Snake Pit.
 19234 | Lair:4   | Reached skill level 5 in Shields
 19554 | Lair:4   | Reached skill level 10 in Evocations
 20088 | Lair:5   | Reached skill level 1 in Ice Magic
 21001 | Lair:6   | Entered Level 6 of the Lair of Beasts
 21005 | Lair:6   | Reached XP level 14. HP: 104/104 MP: 19/19
 21472 | Lair:6   | Reached skill level 5 in Ice Magic
 21851 | Lair:6   | Learned a level 3 spell: Ozocubu's Armour
 22113 | Lair:6   | Found a staircase to the Slime Pits.
 22927 | Lair:6   | Reached skill level 5 in Spellcasting
 23326 | Lair:6   | Found a stormy altar of Qazlal.
 23473 | Lair:6   | Identified the cursed +0 hat "I Foresaw This" {Bglg, Elem}
                  | (You found it on level 5 of the Dungeon)
 24025 | Lair:6   | Reached XP level 15. HP: 109/109 MP: 25/27
 24476 | Orc:1    | Entered Level 1 of the Orcish Mines
 24725 | Orc:1    | Learned a level 7 spell: Ozocubu's Refrigeration
 24968 | Orc:1    | Reached skill level 10 in Ice Magic
 25159 | Orc:1    | Learned a level 2 spell: Passwall
 25232 | Orc:2    | Entered Level 2 of the Orcish Mines
 25254 | Orc:2    | Noticed Sonja
 25268 | Orc:2    | Killed Sonja
 25290 | Orc:2    | Found a staircase to the Elven Halls.
 25302 | Orc:2    | Found Mevyjenn's Book Boutique.
 25448 | Orc:2    | Found Ywuhaez's Antique Weapon Boutique.
 25852 | Orc:2    | Found Kerghuahi's Jewellery Shoppe.
 25931 | Orc:2    | Bought a +4 ring of evasion for 432 gold pieces
 25935 | Orc:2    | Reached ***** piety under Ashenzari
 25943 | Orc:2    | Learned a level 6 spell: Statue Form
 26014 | Orc:2    | Bought a book of Transfigurations for 600 gold pieces
 26156 | Orc:2    | Found Quesuace's Distillery.
 26166 | Orc:2    | Found Piul's Armour Shoppe.
 26239 | Orc:2    | Bought 2 potions of heal wounds for 120 gold pieces
 26239 | Orc:2    | Bought a potion of might for 48 gold pieces
 26239 | Orc:2    | Bought a potion of heal wounds for 60 gold pieces
 26239 | Orc:2    | Bought a potion of heal wounds for 60 gold pieces
 26239 | Orc:2    | Bought a potion of invisibility for 96 gold pieces
 26517 | D:12     | Found a gate leading to a gauntlet.
 26524 | Gauntlet | Entered a Gauntlet
 26524 | Gauntlet | Found a transporter.
 26527 | Gauntlet | Found a transporter.
 26542 | Gauntlet | Found a transporter.
 26542 | Gauntlet | Identified the ring "Ibroid" {rF+ rC+ rN+ Str-5}
 26546 | Gauntlet | Found a transporter.
 26558 | Gauntlet | Identified the +2 hat "Ojidd" {-Cast rElec rN+++ Int-5}
 26565 | Gauntlet | Found a transporter.
 26577 | Gauntlet | Identified the ring of Efoe {rF+ rN+ Str+2 Dex-4 SInv}
 26578 | Gauntlet | Found a transporter.
 26610 | Gauntlet | Found a transporter.
 26628 | Gauntlet | Found a transporter.
 26632 | Gauntlet | Found a transporter.
 26643 | Gauntlet | Found a transporter.
 26661 | Gauntlet | Found a transporter.
 26667 | Gauntlet | Found a transporter.
 26753 | Gauntlet | Reached skill level 1 in Earth Magic
 27523 | D:12     | Found a runed translucent gate.
 27524 | D:12     | Found a runed translucent gate.
 27526 | D:12     | Found a runed translucent gate.
 27527 | D:12     | Noticed Demugom's ghost (journeyman DDFi)
 27569 | D:12     | Noticed Josephine
 27591 | D:12     | Killed Josephine
 27595 | D:12     | Reached skill level 5 in Transmutations
 28293 | D:13     | Found Nusoxet's Antique Weapon Emporium.
 28297 | D:13     | Reached skill level 5 in Earth Magic
 28364 | D:13     | Found Cuiluric's Assorted Antiques.
 28378 | D:13     | Found a portal to a secret trove of treasure.
 28416 | D:13     | Found a gate to the Vaults.
 28527 | D:13     | Reached XP level 16. HP: 112/118 MP: 29/29
 29190 | D:14     | Identified the amulet of Roriv {Regen+ Str+5}
 29304 | D:14     | Found Baug's Antique Armour Shop.
 29380 | D:14     | Found a radiant altar of Vehumet.
 29422 | D:14     | Identified the +0 pair of gloves of Hedge Wizardry {Slay+5}
 29946 | D:15     | Entered Level 15 of the Dungeon
 30308 | D:15     | Found a staircase to the Depths.
 30331 | D:15     | Reached skill level 10 in Transmutations
 31540 | Snake:1  | Entered Level 1 of the Snake Pit
 32227 | Snake:1  | Found a transporter.
 32229 | Snake:1  | Noticed Temaumar's ghost (adept GrBe)
 32231 | Snake:1  | Found a bloodstained altar of Trog.
 32286 | Snake:1  | Found a transporter.
 32628 | Snake:1  | Killed Temaumar's ghost
 33534 | Snake:2  | Noticed Vashnia
 33554 | Snake:2  | Reached XP level 17. HP: 73/124 MP: 6/30
 33969 | Snake:2  | Killed Vashnia
 34616 | Snake:2  | Found the ring of the Tortoise {AC+8}
 34913 | Snake:2  | Learned a level 7 spell: Dragon Form
 34997 | Snake:2  | Identified the cursed +9 dagger "Cursed Together" {elec,
                  | Evo, Comp} (You took it off a kobold on level 1 of the
                  | Dungeon)
 34997 | Snake:2  | Identified the cursed +3 buckler of Ashenzari's Pleiades
                  | {Alch, Range} (You took it off a tengu conjurer on level 14
                  | of the Dungeon)
 35041 | Snake:2  | Learned a level 5 spell: Irradiate
 35754 | Snake:3  | Noticed Jorgrun
 35760 | Snake:3  | Killed Jorgrun
 35761 | Snake:3  | Reached skill level 5 in Unarmed Combat
 36076 | Snake:3  | Found Cakkam's Magic Scroll Boutique.
 36082 | Snake:3  | Found Wedwiy's Assorted Antiques.
 36083 | Snake:3  | Found Cios's General Store.
 36090 | Snake:3  | Bought a scroll of teleportation for 117 gold pieces
 36095 | Snake:3  | Bought a scroll of blinking for 142 gold pieces
 36101 | Snake:3  | Found Ushenits's Jewellery Shoppe.
 36157 | Snake:3  | Bought a scroll of acquirement for 676 gold pieces
 36165 | Snake:3  | Acquired the -2 hat of the Alchemist {rElec rPois rF+ rC+
                  | rN+ Will+ rMut rCorr}
 36165 | Snake:3  | Found the -2 hat of the Alchemist {rElec rPois rF+ rC+ rN+
                  | Will+ rMut rCorr}
 36339 | Snake:3  | Bought a +6 ring of dexterity for 468 gold pieces
 36485 | Snake:3  | Found Wipnol's Jewellery Emporium.
 36485 | Snake:3  | Found Ginar's Book Shop.
 36486 | Snake:3  | Found Kiogazum's Book Shop.
 36525 | Snake:4  | Entered Level 4 of the Snake Pit
 36595 | Snake:4  | Noticed Donald
 36629 | Snake:4  | Killed Donald
 36690 | Snake:4  | Noticed Mlioglotl
 36705 | Snake:4  | Killed Mlioglotl
 36746 | Snake:4  | Noticed Aizul
 36768 | Snake:4  | Killed Aizul
 36941 | Snake:4  | Noticed Agnes
 36948 | Snake:4  | Killed Agnes
 37151 | Snake:4  | Reached XP level 18. HP: 121/135 MP: 31/31
 37364 | Snake:4  | Got a serpentine rune of Zot
 37919 | Elf:1    | Entered Level 1 of the Elven Halls
 38087 | Elf:1    | Found Ejituqo's Armour Boutique.
 38186 | Elf:1    | Found Ysifai's Antique Armour Emporium.
 38188 | Elf:1    | Found Qomn's Assorted Antiques.
 38190 | Elf:1    | Found Selaox's Distillery.
 38196 | Elf:1    | Bought a scroll of fear for 63 gold pieces
 38198 | Elf:1    | Bought 2 potions of mutation for 224 gold pieces
 38478 | Elf:1    | Reached skill level 10 in Unarmed Combat
 38736 | Elf:2    | Identified the +7 war axe of Itruoja {freeze, Fragile rCorr
                  | Str+5 Int-4}
 39035 | Elf:2    | Acquired 995 gold pieces
 39053 | Elf:2    | Found a runed translucent gate.
 39057 | Elf:2    | Found a runed translucent gate.
 39057 | Elf:2    | Found a runed translucent gate.
 40000 | Elf:3    | Entered Level 3 of the Elven Halls
 40081 | Elf:3    | Reached XP level 19. HP: 141/141 MP: 32/36
 40216 | Abyss:3  | Found a corrupted altar of Lugonu.
 40216 | Abyss:3  | Cast into level 3 of the Abyss (+2 scimitar of distortion)
 40217 | Abyss:3  | Reached skill level 10 in Spellcasting
 40277 | Abyss:3  | Noticed a Hell Sentinel
 40293 | Abyss:3  | Found a corrupted altar of Lugonu.
 40654 | Abyss:3  | Paralysed by accursed screaming for 1 turns
 40655 | Abyss:3  | HP: 6/183 [starcursed mass/accursed screaming (12)]
 40656 | Abyss:3  | HP: 2/183 [starcursed mass/accursed screaming (4)]
 40656 | Abyss:3  | Paralysed by accursed screaming for 1 turns
 40656 | Abyss:3  | Slain by a starcursed mass

Illustrated notes

Levels and vault maps discovered:
D:1:      nagdon_arrival_double_spiral, layout_rooms, minmay_tromino_mix6
D:2:      layout_loops_ring, dreamdust_ecumenical_altar_drowned_temple,
          minivault_26
D:3:      layout_rooms, gup_sewer_entry_bowl, uniq_ijyb
D:4:      layout_basic, old_standard_altar, minmay_temple_entry_stoned_glass,
          uniq_eustachio, uniq_duvessa
D:5:      layout_loops_ring, mainiacjoe_overflow_tiny_flanked,
          overflow_temple_1_default, ebering_ghost_rock_garden, serial_shops,
          nicolae_shop_bloodbath_and_beyond
D:6:      layout_loops_ring, mainiacjoe_overflow_small_starburst,
          lightli_ossuary_entry_decrepit_ruins, uniq_sigmund, uniq_pikel,
          uniq_edmund
D:7:      layout_layer_cave, enter_bailey_4, kennysheep_dice,
          uniq_prince_ribbit1
D:8:      minmay_the_grid_octo_2x2 [minmay_the_grid_octo_shrine,
          minmay_the_grid_octo_thin_diamonds, minmay_the_grid_octo_empty,
          minmay_the_grid_octo_prize_big_c], layout_basic, uniq_erica,
          uniq_psyche, uniq_grum
D:9:      layout_stronghold, nicolae_overflow_two_pavilions, led_sif_book,
          serial_shops, shop
D:10:     layout_roguey
D:11:     layout_loops_cross, erik_lair_orcish_takeover, orc_david_3,
          fedhas_bush_and_centaur_altar, uniq_nergalle
D:12:     hourglass_vault, layout_loops_ring, gammafunk_ghost_hydra_chop,
          gauntlet_entry_generic, uniq_josephine
D:13:     layout_cave_pools, ximxim_vaults_locker_room, serial_undead,
          serial_undead_c, serial_undead_d, serial_undead_d, serial_undead_a,
          serial_shops, nicolae_stop_n_shop_2, nicolae_shop_trees,
          nicolae_trove_entry_free_sample
D:14:     layout_roguey, nicolae_vehumet_altar_sigil, serial_shops, shop
D:15:     grunt_enter_depths_giant_problem, layout_long_grid,
          minmay_curled_crystal, serial_bayou, serial_bayou_pond_a,
          serial_bayou_pond_a, serial_bayou_ford_a, serial_bayou_lake_a,
          serial_bayou_pond_d, grunt_ministairs_8
Temple:   minmay_freezing_vapour_temple
Lair:1:   layout_long_grid, beast_lair_carwin_1, lemuel_fruit_fields,
          infiniplex_staircase_pool, lemuel_fruit_fields, grunt_megastairs_4,
          uniq_urug
Lair:2:   layout_chaotic_city, minmay_shoals_entry_hut, serial_bayou,
          serial_bayou_lagoon_a, serial_bayou_pond_b, serial_bayou_shore_a,
          serial_bayou_pond_c, minivault_27, grunt_megastairs_1
Lair:3:   layout_concentric_octagons, minmay_snake_entry_guardpost_medium,
          grunt_megastairs_3, lemuel_fruit_tree
Lair:4:   layout_regular_city, cheibrodos_lair_reptile_den,
          serial_bayou_shore_b, grunt_megastairs_5
Lair:5:   layout_cave_pods, chequers_serial_rivers_small_3
Lair:6:   evilmike_catoblepas_cave, layout_gridlike, slime_entry_1,
          lemuel_oklob_altar, wad_woods_river_01
Snake:1:  layout_misc_corridors, gammafunk_ghost_wrathful_warriors, st_stairs_9,
          grunt_ministairs_1
Snake:2:  layout_misc_corridors, uniq_vashnia
Snake:3:  layout_onion, nicolae_snake_serpentine_bazaar, minmay_shop_grove,
          uniq_jorgrun
Snake:4:  snake_pit, layout_cave_town, uniq_aizul, uniq_agnes, uniq_mlioglotl,
          uniq_donald
Orc:1:    layout_diamond_mine, mines5_lemuel
Orc:2:    st_orc_town, layout_diamond_mine, serial_shops, shop,
          nicolae_orc_lava_room, uniq_sonja
Elf:1:    eino_elf_arrival_shootout, layout_loops_ring, serial_shops, shop,
          hangedman_elf_represent, minmay_shop_star
Elf:2:    nicolae_elf_blades_splatter_lattice [nicolae_blade_tridents],
          layout_geoelf_grid, drop_trap
Elf:3:    minmay_elf_hall_hex, layout_geoelf_diagonals
Abyss:3:  base: Depths:1, minivault_1, minivault_28, evilmike_abyss_exit_glass,
          guppyfry_abyss_exit_glass_guarded, abyss_greek_temple

Skill      XL: |  1  2  3  4  5  6  7  8  9 10 11 12 13 14 15 16 17 18 19 |
---------------+----------------------------------------------------------+-----
Short Blades   | 1 2 3 4 6 7 9 |  9.6
Fighting       | 2 3 5 6 8 10 12 | 12.6
Dodging        | 3 5 7 9 12 13 14 | 14.6
Stealth        | 7 10 | 10.7
Evocations     | 3 7 10 | 10.0
Shields        | 1 7 |  7.9
Ice Magic      | 3 8 11 13 | 13.5
Spellcasting   | 6 9 10 | 10.2
Earth Magic    | 6 8 |  8.1
Transmutations | 8 13 14 | 14.0
Unarmed Combat | 8 10 | 10.5
Long Blades    | |  0.3
Axes           | |  0.5
Maces & Flails | |  0.3
Polearms       | |  0.5
Staves         | |  0.3
Ranged Weapons | |  0.3
Throwing       | |  0.3
Conjurations   | |  0.5
Hexes          | |  0.6
Summonings     | |  0.4
Necromancy     | |  0.9
Translocations | |  0.3
Fire Magic     | |  0.3
Air Magic      | |  0.3
Poison Magic   | |  0.8
Invocations    | |  0.8

Action                   |  1- 3 |  4- 6 |  7- 9 | 10-12 | 13-15 | 16-18 | 19-21 || total
-------------------------+-------+-------+-------+-------+-------+-------+-------++-------
Melee: Unarmed           |    22 |       |       |       |       |       |       ||    22
       Constrict         |    12 |    17 |    34 |    69 |   118 |   108 |    11 ||   369
       Kick              |     4 |       |       |       |     1 |       |       ||     5
       Tentacles         |     8 |     9 |    28 |   111 |   340 |   328 |    22 ||   846
       Dagger            |    38 |    78 |   147 |   443 |  1051 |   961 |    60 ||  2778
       Punch             |     1 |     1 |     3 |    25 |    81 |    80 |     7 ||   198
 Cast: Beastly Appendage |     2 |       |       |       |     1 |       |       ||     3
       Ozocubu's Armour  |       |       |       |       |     7 |       |       ||     7
       Ozocubu's Refrige |       |       |       |       |     2 |    32 |     2 ||    36
       Passwall          |       |       |       |       |     1 |     1 |       ||     2
       Statue Form       |       |       |       |       |       |    43 |     5 ||    48
       Dragon Form       |       |       |       |       |       |     1 |       ||     1
Invok: Curse Item        |       |       |     3 |     4 |     2 |     4 |       ||    13
       Shatter the Chain |       |       |       |       |       |     2 |       ||     2
Evoke: Condenser vane    |       |       |       |     1 |     4 |     2 |       ||     7
       Box of beasts     |       |       |       |       |     2 |       |       ||     2
       Lightning rod     |       |       |       |       |     2 |       |       ||     2
       Tin of tremorston |       |       |       |       |     1 |       |       ||     1
  Use: Scroll            |       |       |     8 |     2 |     8 |     9 |     2 ||    29
       Potion            |       |       |       |     2 |     3 |     5 |     3 ||    13
 Stab: Sleeping          |     3 |    14 |    11 |    23 |    36 |    29 |       ||   116
       Distracted        |       |     2 |       |     3 |     9 |     9 |     1 ||    24
       Petrified         |       |       |       |       |     5 |       |       ||     5
       Invisible         |       |       |       |       |     1 |       |       ||     1
Armor: Skin              |     6 |     4 |     4 |    31 |    37 |   138 |    15 ||   235
Dodge: Dodged            |    48 |    25 |    52 |   295 |   674 |   901 |    67 ||  2062
Block: Buckler           |       |       |       |    21 |   287 |   527 |    41 ||   876

Table legend: (Time is in decaauts)
 A = Elapsed time spent in this place.
 B = Non-inter-level travel time spent in this place.
 C = Inter-level travel time spent in this place.
 D = Time resting spent in this place.
 E = Time spent auto-exploring this place.
 F = Levels seen in this place.
 G = Mean time per level.
                   A        B        C        D        E       F      G
               +--------+--------+--------+--------+--------+-----+--------+
         Total |  41016 |  39266 |   1750 |  13128 |  17146 |  35 | 1171.9 |
       Dungeon |  18884 |  17948 |    936 |   5894 |   8926 |  15 | 1258.9 |
        Temple |     22 |     22 |      0 |      0 |      0 |   1 |   22.0 |
          Lair |   8586 |   8123 |    463 |   2570 |   4209 |   6 | 1431.0 |
     Snake Pit |   6595 |   6414 |    181 |   2755 |   1627 |   4 | 1648.8 |
  Orcish Mines |   1914 |   1822 |     92 |    425 |    802 |   2 |  957.0 |
   Elven Halls |   2552 |   2475 |     77 |    391 |   1029 |   3 |  850.7 |
         Abyss |    477 |    477 |      0 |    283 |      0 |   1 |  477.0 |
         Sewer |   1372 |   1372 |      0 |    598 |    505 |   1 | 1372.0 |
       Ossuary |    169 |    169 |      0 |     83 |      0 |   1 |  169.0 |
      Gauntlet |    441 |    441 |      0 |    126 |     47 |   1 |  441.0 |
               +--------+--------+--------+--------+--------+-----+--------+

Top non-repeatable levels by time:
  Lair:6: 2596 daAuts
 Snake:1: 2567 daAuts
     D:7: 1999 daAuts
     D:8: 1748 daAuts
     D:9: 1714 daAuts
  Lair:5: 1621 daAuts
    D:11: 1595 daAuts
    D:10: 1480 daAuts
   Elf:2: 1442 daAuts
    D:15: 1441 daAuts
 Snake:3: 1429 daAuts
  Lair:2: 1384 daAuts
   Sewer: 1372 daAuts
 Snake:4: 1325 daAuts
  Lair:1: 1311 daAuts
